 Dungeon Crawl Stone Soup version 0.31.0-12-g77e489cdc1 (webtiles) character file.

Game seed: 3074090293714713354

7242 BlackCrag the Thaumaturge (level 10, -7/51 HPs)
             Began as a Deep Elf Earth Elementalist on Mar 2, 2024.
             Was a Priest of Sif Muna.
             Mangled by a two-headed ogre
             ... wielding a +0 giant club
              (32 damage)
             ... on level 10 of the Dungeon.
             The game lasted 01:03:36 (11108 turns).

BlackCrag the Thaumaturge (DEEE)                   Turns: 11108, Time: 01:03:37

Health: -7/51      AC:  7    Str:  5    XL:     10   Next: 88%
Magic:  18/29      EV: 12    Int: 25    God:    Sif Muna [***...]
Gold:   36         SH:  0    Dex: 15    Spells: 20/36 levels left

rFire   . . .        f - staff of earth
rCold   . . .        (no shield)
rNeg    . . .        a - +0 robe
rPois   .            D - +2 helmet
rElec   .            (no cloak)
rCorr   .            (no gloves)
SInv    +            C - +1 pair of boots
Will    +....        F - amulet of faith
Stlth   +++          i - ring of see invisible
HPRegen 0.28/turn    (no ring)
MPRegen 0.21/turn

%: faith
@: no status effects
A: no striking features
a: Renounce Religion, Channel Magic, Forget Spell


You were on level 10 of the Dungeon.
You worshipped Sif Muna.
Sif Muna was most pleased with you.
You visited 2 branches of the dungeon, and saw 11 of its levels.

You collected 516 gold pieces.
You spent 480 gold pieces at shops.

Inventory:

Hand Weapons
 t - a +4 mace of protection
 y - the +6 falchion "Giantbane" {flame, rPois rCorr Int+3 Stlth+}
   (You found it on level 6 of the Dungeon)

   Int+3:     It affects your intelligence (+3).
   rPois:     It protects you from poison rCorr: It protects you from acid and
   corrosion.
   Stlth+:    It makes you more stealthy.
Armour
 a - a +0 robe (worn)
 C - a +1 pair of boots (worn)
 D - a +2 helmet (worn)
Magical Staves
 f - a staff of earth (weapon)
Jewellery
 c - an amulet of regeneration
 i - a ring of see invisible (left hand)
 p - an amulet of magic regeneration
 F - an amulet of faith (around neck)
Talismans
 E - a flux talisman
Wands
 j - a wand of flame (16)
 u - a wand of charming (5)
 w - a wand of digging (9)
 G - a wand of mindburst (7)
Scrolls
 e - 3 scrolls of fear
 g - 3 scrolls of fog
 h - 2 scrolls of noise {unknown}
 k - a scroll of acquirement
 l - a scroll of summoning {unknown}
 n - 2 scrolls of immolation
 o - 2 scrolls of amnesia {unknown}
 q - a scroll of brand weapon {unknown}
 r - 2 scrolls of teleportation {unknown}
 v - 2 scrolls of revelation
 z - 2 scrolls of vulnerability {unknown}
 A - 2 scrolls of blinking {unknown}
Potions
 b - 2 potions of magic
 d - 2 potions of degeneration {unknown}
 s - 5 potions of curing
 x - a potion of brilliance {unknown}
 B - 3 potions of lignification {unknown}
 H - a potion of haste {unknown}


   Skills:
 + Level 0.5 Fighting
 + Level 2.6 Dodging
 + Level 4.0 Stealth
 * Level 13.7 Spellcasting
 * Level 7.5 Conjurations
 * Level 10.7 Earth Magic
 + Level 0.4 Alchemy
 + Level 5.9 Invocations
 + Level 0.7 Evocations


You had 20 spell levels left.
You knew the following spells:

 Your Spells              Type           Power      Damage    Failure   Level
a - Sandblast             Erth           100%       2d20      1%          1
b - Passwall              Erth           82%        N/A       1%          3
c - Stone Arrow           Conj/Erth      100%       3d13      1%          3
d - Brom's Barrelling Bo  Conj/Erth      76%        2d9       1%          4
e - Petrify               Alch/Erth      61%        N/A       3%          4
f - Shock                 Conj/Air       100%       1d9       1%          1

Your spell library contained the following spells:

 Spells                   Type           Power      Damage    Failure   Level
 Sting                    Conj/Alch      100%       1d9       1%          1
 Momentum Strike          Conj/Tloc      70%        3d9       1%          2
 Apportation              Tloc           34%        N/A       3%          1
 Necrotise                Necr           68%        1d7       3%          1
 Summon Small Mammal      Summ           68%        N/A       3%          1
 Jinxbite                 Hex            34%        N/A       4%          2
 Fugue of the Fallen      Necr           17%        N/A       10%         3
 Ozocubu's Armour         Ice            17%        N/A       10%         3
 Manifold Assault         Tloc           17%        N/A       32%         4
 Chain Lightning          Conj/Air       18%        3d24      100%        9


Dungeon Overview and Level Annotations

Branches:
Dungeon (10/15)            Temple (1/1) D:4             Orc (0/2) D:10
   Lair: D:8-11

Altars:
Ashenzari
Cheibriados
Dithmenos
Fedhas
Gozag
Hepliaklqana
Kikubaaqudgha
Makhleb
Nemelex Xobeh
Okawaru
Qazlal
Ru
Sif Muna
Trog
Uskayaw
Vehumet
Wu Jian
Xom
Yredelemnul
Zin
The Shining One

Shops:
D:5 :   D:6 =   D:7 (

Annotations:
D:6 2 runed translucent doors, riffraff's ghost, novice AtFi


Message History

Press: ? - help, Shift-Dir - straight line, f - vampire
Aim: a vampire (78% to hit)
You feel a surge of power!
The stone arrow hits the vampire!
The vampire is heavily damaged.
Casting: Stone Arrow (safe; 1% risk of failure)
Confirm with . or Enter, or press ? or * to list all spells.
Aiming: Stone Arrow (safe; 1% risk of failure)
Press: ? - help, Shift-Dir - straight line, f/p - vampire
Aim: a vampire (heavily damaged, 78% to hit)
You feel a surge of power!
The stone arrow misses the vampire.
The vampire casts a spell at you.
You are confused.
You bump into the rock wall.
You bump into the rock wall.
The vampire closely misses you. x2
You bump into the rock wall.
The vampire hits you! The vampire bites you.
The vampire draws strength from your injuries!
You bump into the rock wall.
The vampire draws life force from you.
The vampire is healed by the life force!
You bump into the rock wall.
You feel less confused. The vampire closely misses you. The vampire bites you!
The vampire draws strength from your injuries!
Casting: Stone Arrow (safe; 1% risk of failure)
Confirm with . or Enter, or press ? or * to list all spells.
Aiming: Stone Arrow (safe; 1% risk of failure)
Press: ? - help, Shift-Dir - straight line, f/p - vampire
Aim: a vampire (moderately damaged, 78% to hit)
You feel a surge of power!
The stone arrow hits the vampire!!
You destroy the vampire!
Sif Muna accepts your kill.
Casting: Stone Arrow (safe; 1% risk of failure)
Confirm with . or Enter, or press ? or * to list all spells.
Aiming: Petrify (dangerous; 3% risk of failure)
Press: ? - help, Shift-Dir - straight line, f - two-headed ogre
Aim: a two-headed ogre, wielding two +0 giant clubs (chance to affect: 60%)
You feel a surge of power!
The two-headed ogre is moving more slowly.
The two-headed ogre hits you with a +0 giant club!!
Ouch! That really hurt!
You die...

** *,* ♣#.....#.#.#.....# ,* *,*
##....#..#..#...#. ,* **,*
#....#...#...#.#.. ,* **,**
#................. ,* ♣,**
#.........#...#...
,******##.####*#######....#..#..#
*,,,,,,.......*#######.....#.#.#.
,,,,,,,.......########......###..
,,,,,,,........O@.......#########
*******#######################
############### ###############
############### ###############


You could see a two-headed ogre (petrifying).

Vanquished Creatures
  A two-headed ogre (D:9)
  Pikel (D:7)
  Maggie (D:8)
  A vampire (D:10)
  2 steam dragons
  11 yaks (D:9)
  2 wraiths
  Menkaure (D:7)
  2 water moccasins (D:6)
  3 sky beasts
  5 orc warriors
  2 black bears
  2 ice beasts (D:7)
  An ogre (D:5)
  A kobold brigand (D:4)
  4 bullfrogs
  4 scorpions
  7 wights (D:6)
  3 killer bees (D:9)
  A howler monkey (D:9)
  2 bombardier beetles
  2 hounds (D:5)
  3 gnoll boudas
  2 jellies
  An orc priest (D:3)
  2 iguanas
  7 orc wizards
  Robin (D:3)
  13 gnolls
  11 adders
  A white imp (D:6)
  4 ufetubi
  2 ribbon worms
  6 dart slugs
  39 orcs
  9 bats
  10 endoplasms
  3 giant cockroaches
  15 goblins
  13 hobgoblins
  4 jackals (D:4)
  3 quokkas
  11 ball pythons
  5 frilled lizards
  10 kobolds
  6 rats
240 creatures vanquished.

Vanquished Creatures (collateral kills)
  A wight (D:6)
  2 boulders
3 creatures vanquished.

Vanquished Creatures (others)
  3 boulders
3 creatures vanquished.

Grand Total: 246 creatures vanquished

Notes
Turn   | Place    | Note
-------+----------+-------------------------------------------
     0 | D:1      | BlackCrag the Deep Elf Earth Elementalist began the quest
                  | for the Orb.
     0 | D:1      | Reached XP level 1. HP: 10/10 MP: 6/6
    98 | D:1      | Found a faded altar of an unknown god.
   105 | D:1      | Reached XP level 2. HP: 15/15 MP: 4/8
   190 | D:1      | Got Plato's Folio of the Barrage
   525 | D:1      | Reached XP level 3. HP: 19/19 MP: 4/9
   529 | D:1      | Learned a level 3 spell: Passwall
   533 | D:1      | Learned a level 3 spell: Stone Arrow
  1791 | D:3      | Reached XP level 4. HP: 24/24 MP: 9/11
  1907 | D:3      | Reached skill level 4 in Spellcasting
  2442 | D:3      | Found a shimmering blue altar of Sif Muna.
  2451 | D:3      | Became a worshipper of Sif Muna the Loreminder
  2494 | D:3      | Reached XP level 5. HP: 22/28 MP: 3/14
  2586 | D:3      | Learned a level 4 spell: Brom's Barrelling Boulder
  2604 | D:3      | Reached skill level 1 in Invocations
  2789 | D:3      | Reached skill level 5 in Earth Magic
  2855 | D:3      | Noticed Robin
  2957 | D:3      | Found an ancient bone altar of Kikubaaqudgha.
  2968 | D:3      | Killed Robin
  3115 | D:3      | You fall into a shaft and drop 2 floors!
  3115 | D:5      | Entered Level 5 of the Dungeon
  3140 | D:5      | Found Bomegy's Book Shop.
  3162 | D:5      | Noticed a black bear
  3165 | D:5      | Killed a black bear
  3166 | D:5      | Reached skill level 5 in Spellcasting
  3166 | D:5      | Reached XP level 6. HP: 24/32 MP: 11/16
  3331 | D:5      | Noticed a wyvern
  3364 | D:5      | Reached * piety under Sif Muna
  3724 | D:4      | Found an iron altar of Okawaru.
  3724 | D:4      | Found a glowing golden altar of the Shining One.
  3931 | D:4      | Learned a level 4 spell: Petrify
  4068 | D:4      | Reached skill level 6 in Spellcasting
  4145 | D:4      | Reached XP level 7. HP: 36/36 MP: 9/18
  4547 | D:4      | Identified 2 scrolls of acquirement
  4547 | D:4      | Acquired a staff of earth
  4837 | D:4      | Found an opulent altar of Gozag.
  4986 | D:4      | Found a staircase to the Ecumenical Temple.
  4999 | Temple   | Entered the Ecumenical Temple
  5068 | D:5      | Reached skill level 7 in Spellcasting
  5773 | D:6      | Identified the +6 falchion "Giantbane" {flame, rPois rCorr
                  | Int+3 Stlth+}
  5790 | D:6      | Reached ** piety under Sif Muna
  5791 | D:6      | Reached skill level 8 in Spellcasting
  5808 | D:6      | Found a runed translucent door.
  5812 | D:6      | Noticed riffraff's ghost (novice AtFi)
  5820 | D:6      | Reached XP level 8. HP: 41/41 MP: 15/22
  5978 | D:6      | Found a runed translucent door.
  6026 | D:6      | Reached skill level 9 in Spellcasting
  6067 | D:6      | Found Miluinidd's Jewellery Shop.
  6126 | D:6      | Found a blossoming altar of Fedhas.
  6745 | D:6      | Reached skill level 10 in Spellcasting
  6959 | D:7      | Reached skill level 5 in Conjurations
  6959 | D:7      | Reached XP level 9. HP: 45/45 MP: 18/25
  7214 | D:7      | Found Vitaik's Weapon Boutique.
  7344 | D:7      | Found a sparkling altar of Nemelex Xobeh.
  7413 | D:7      | Noticed Pikel
  7434 | D:7      | Killed Pikel
  7435 | D:7      | Reached skill level 11 in Spellcasting
  7512 | D:7      | Noticed Menkaure
  7516 | D:7      | Killed Menkaure
  8628 | D:8      | Noticed Maggie
  8635 | D:8      | Killed Maggie
  8636 | D:8      | Reached skill level 12 in Spellcasting
  8636 | D:8      | Reached XP level 10. HP: 34/51 MP: 11/28
  9442 | D:5      | Bought Sif Muna's Opusculum on the Weird Shot for 480 gold
                  | pieces
  9590 | D:9      | Reached skill level 5 in Invocations
  9726 | D:9      | Found a hide-covered altar of Uskayaw.
  9726 | D:9      | Found a snail-covered altar of Cheibriados.
  9734 | D:9      | Found a faded altar of an unknown god.
  9736 | D:9      | Found a faded altar of an unknown god.
  9738 | D:9      | Found a bloodstained altar of Trog.
  9793 | D:9      | Noticed a two-headed ogre
  9804 | D:9      | Killed a two-headed ogre
  9949 | D:9      | Reached *** piety under Sif Muna
 10445 | D:9      | Found a shimmering altar of Xom.
 10575 | D:9      | Reached skill level 10 in Earth Magic
 10580 | D:9      | Reached skill level 13 in Spellcasting
 10856 | D:10     | Entered Level 10 of the Dungeon
 10930 | D:10     | Learned a level 1 spell: Shock
 11095 | D:10     | Noticed a two-headed ogre
 11108 | D:10     | Mangled by a two-headed ogre

Illustrated notes

Levels and vault maps discovered:
D:1:      elethiomel_arrival_quiet, layout_rooms,
          shapermc_ecumenical_altar_rom_forum, serial_bayou_pond_b, hex_medium
D:2:      layout_basic
D:3:      minmay_door_path, layout_basic, mainiacjoe_overflow_six_doors_small,
          lemuel_round_altar, minmay_starry_boxes, uniq_robin
D:4:      layout_loops_ring, grunt_gozag_breadcrumbs, jmf_multi_god_temple,
          temple_hall, nicolae_the_louvre
D:5:      layout_gridville, serial_shops, shop
D:6:      layout_basic, mainiacjoe_overflow_paths, serial_shops,
          nicolae_stop_n_shop_2, ebering_ghost_sewer_f
D:7:      layout_basic, nemelex_altar_shiori, serial_shops,
          nicolae_shop_temple_entry_statues_fountains, uniq_menkaure, uniq_pikel
D:8:      layout_basic, uniq_maggie
D:9:      layout_cave_pods, chequers_temple_overflow_minitemple,
          mainiacjoe_overflow_concentric_impassable,
          chequers_serial_rivers_room_a
D:10:     kb_forest_paths, layout_stronghold, nicolae_elyvilon_temple_path,
          hiddenorc1_lemuel, ebering_ghost_gozag, hangedman_decor_diamond_cutter
Temple:   compressed_dpeg_circular_temple

Skill      XL: |  1  2  3  4  5  6  7  8  9 10 |
---------------+-------------------------------+-----
Earth Magic    | 4 5 6 7 9 10 | 10.7
Conjurations   | 2 3 5 6 7 |  7.5
Spellcasting   | 4 5 6 8 10 12 13 | 13.7
Invocations    | 2 3 4 5 |  5.9
Stealth        | 3 4 |  4.0
Fighting       | |  0.5
Dodging        | |  2.6
Alchemy        | |  0.4
Evocations     | |  0.7

Action                     |  1- 3 |  4- 6 |  7- 9 | 10-12 || total
---------------------------+-------+-------+-------+-------++-------
   Cast: Sandblast         |    57 |    81 |    36 |    18 ||   192
         Passwall          |     4 |     2 |     1 |     8 ||    15
         Stone Arrow       |     1 |    18 |    83 |    51 ||   153
         Brom's Barrelling |       |     1 |     4 |     1 ||     6
         Petrify           |       |       |     2 |     2 ||     4
 Invoke: Channel Magic     |       |       |     1 |     1 ||     2
  Evoke: Wand              |       |       |     5 |     4 ||     9
    Use: Scroll            |     1 |       |     9 |     2 ||    12
 Armour: Robe              |     4 |    19 |    13 |    29 ||    65
  Dodge: Dodged            |     4 |    16 |     8 |    15 ||    43
